AoeStats
← DeadlyEfficiency

Arena

505909205Analyzed
2v2 RM · 21d ago on Sep 11, 2026· 25m 23s· 4 players
Game mode
Random Map
Map size
Medium (4 player)
Population
200
Speed
Normal
Resources
Standard
Victory
Conquest
Starting age
Dark Age
Ending age
Imperial Age
RankedLock teamsTeams togetherTeam positionsShared explorationLock speedFull tech treeHidden civsTurbo modeCheats
Victory
Defeat
🇦🇹 Japanese · Austria
1486
+14
🇩🇪 Bulgarians · Germany
1486
+14
🇳🇴 Sicilians · Norway
1563
-18
🇺🇸 Berbers · United States
1333
-10
jgww 💀
11:24 Feudal Age
12:24 Loom
13:41 Double-Bit Axe
16:03 Castle Age
15:18 Horse Collar
16:56 Gold Mining
25:21 Scale Barding Armor
Vardyn
11:38 Feudal Age
15:13 Castle Age
13:15 Double-Bit Axe
13:32 Horse Collar
16:15 Bow Saw
25:00 Wheelbarrow
A.H.
5:06 Loom
5:16 Loom
10:07 Feudal Age
10:35 Double-Bit Axe
11:59 Horse Collar
18:59 Castle Age
17:26 Scale Barding Armor
18:45 Forging
20:45 Chain Barding Armor
DeadlyEfficiency
11:01 Feudal Age
14:48 Castle Age
13:31 Double-Bit Axe
14:59 Horse Collar
16:28 Bow Saw
19:04 Loom
21:14 Scale Mail Armor
23:28 Wheelbarrow
23:47 Chain Mail Armor
23:50 Squires
23:36 Gambesons
Connection lost

Rejoining the realm…

Still unreachable

The connection could not be restored.

Session expired

The server has moved on; the page needs a fresh start.